 Dungeon Crawl Stone Soup version 0.19.4-9-g45fd643 (webtiles) character file.

788 Gargoyl the Chopper (level 7, -8/61 HPs)
             Began as a Ghoul Abyssal Knight on Feb 16, 2017.
             Was a Priest of Lugonu.
             Mangled by Jovan's ghost (11 damage)
             ... on level 5 of the Dungeon.
             The game lasted 00:09:42 (3740 turns).

Gargoyl the Chopper (Ghoul Abyssal Knight)          Turns: 3740, Time: 00:09:42

Health: -8/61      AC: 12    Str: 14 (16) XL:     7   Next: 87%
Magic:  16/16      EV:  6    Int:  5 (7)  God:    Lugonu [***...]
Gold:   173        SH:  0    Dex:  8 (10) Spells: 0 memorised, 6 levels left

rFire  + . .     SeeInvis .     t - +1 war axe (chop)
rCold  + . .     Gourm    .     f - +0 chain mail
rNeg   + + +     Faith    .     (no shield)
rPois  ∞         Spirit   .     b - +0 helmet
rElec  .         Reflect  .     p - +0 cloak
rCorr  .         Harm     .     m - +0 pair of gloves
MR     .....                    (no boots)
Stlth  ..........               (no amulet)
                                l - ring of magical power
                                d - ring of protection from fire

@: rotting
A: rotting body, claws 1, carnivore 3, cold resistance 1, negative energy
resistance 3, slow regeneration 1, torment resistance, unbreathing
a: Depart the Abyss, Bend Space, Banish, Renounce Religion


You were on level 5 of the Dungeon.
You worshipped Lugonu.
Lugonu was most pleased with you.
You were not hungry.

You visited 1 branch of the dungeon, and saw 5 of its levels.
You visited the Abyss 1 time.

You collected 173 gold pieces.

Inventory:

Hand Weapons
 a - a +1 hand axe
 e - a +0 war axe
 t - a +1 war axe of chopping (weapon)
Missiles
 r - 15 tomahawks (quivered)
Armour
 b - a +0 helmet (worn)
 f - a +0 chain mail (worn)
 m - a +0 pair of gloves (worn)
 p - a +0 cloak (worn)
Jewellery
 d - a ring of protection from fire (left hand)
 l - a ring of magical power (right hand)
Wands
 j - a wand of digging (7/24)
Scrolls
 g - 2 scrolls of remove curse
 i - a scroll of teleportation
 n - 3 scrolls of magic mapping
 o - a scroll of identify
 s - a scroll of recharging
Comestibles
 h - 7 chunks of flesh
 k - 4 meat rations


   Skills:
 + Level 5.4 Fighting
 + Level 5.9 Axes
 + Level 3.6 Armour
 + Level 1.6 Dodging
 + Level 2.3 Invocations


You had 6 spell levels left.
You didn't know any spells.

Dungeon Overview and Level Annotations

Branches:
Dungeon (5/15)
 Temple: D:4-7

Altars:
Fedhas
Okawaru
Ru
Sif Muna
Yredelemnul

Annotations:
D:5 Jovan's ghost, amateur DgGl


Innate Abilities, Weirdness & Mutations

Your body is rotting away.
You thrive on raw meat.
You are immune to poison.
You have sharp fingernails.
You are carnivorous and can eat meat at any time.
Your flesh is cold resistant. (rC+)
You are immune to negative energy. (rN+++)
You regenerate slowly when monsters are visible.
You are immune to unholy pain and torment.
You can survive without breathing.


Message History

* * * LOW HITPOINT WARNING * * *
You miss Jovan's ghost.
Jovan's ghost is severely damaged.
Jovan's ghost hits you.
* * * LOW HITPOINT WARNING * * *
You hit Jovan's ghost but do no damage.
Jovan's ghost is severely damaged.
Jovan's ghost hits you.
* * * LOW HITPOINT WARNING * * *
Jovan's ghost hits you.
* * * LOW HITPOINT WARNING * * *
A zombie and 2 skeletons come into view.
The goblin skeleton moves out of view.
Found 9 poisoned needles.
A hobgoblin zombie comes into view.
A kobold zombie comes into view.
Found a royal jelly.
Found a stone staircase leading down. 2 zombies and a skeleton come into view.
The goblin skeleton moves out of view.
Jovan's ghost hits you!
You die...

.. ....# ... .%
Z.##Z..#. ... ##.+
.#..... ....
..#.#.##Z....#.....
.......(......#.....
......Z....Z.......#
............<.....#
..........Z@..>...#
#...#...W###.##.#
...####........###
.......#.........# .
......#............ ..
#....#.............
...#....#.............
...$.........##..#....
.................##.##


You could see Jovan's ghost, a goblin zombie, 3 hobgoblin zombies, a kobold
zombie and an orc skeleton.

Vanquished Creatures
  2 ogres (D:4)
  The ghost of Painkiller the Shield-Bearer, an amateur GrFi of Kikubaaqudgha (D:4)
  A crimson imp (D:5)
  A bullfrog zombie (D:5)
  2 hounds
  A bullfrog skeleton (D:5)
  An orc wizard (D:5)
  3 worker ants
  Natasha (thrice) (D:2)
  A hound zombie (D:5)
  A hound skeleton (D:4)
  A worker ant zombie (D:5)
  7 adders
  An ooze (D:1)
  3 worms
  2 dart slugs
  3 leopard geckos (D:2)
  12 orcs
  3 ball pythons
  8 bats
  2 giant cockroaches (D:1)
  10 goblins
  7 hobgoblins
  4 jackals (D:2)
  4 kobolds
  3 quokkas
  8 frilled lizards
  6 rats
101 creatures vanquished.

Notes
Turn   | Place    | Note
-------+----------+-------------------------------------------
     0 | Abyss:1  | Gargoyl the Ghoul Abyssal Knight began the quest for the Orb.
     0 | Abyss:1  | Reached XP level 1. HP: 19/19 MP: 1/1
    15 | Abyss:2  | Found a corrupted altar of Lugonu.
    29 | Abyss:2  | Noticed a large abomination
    33 | Abyss:3  | Found a corrupted altar of Lugonu.
    41 | Abyss:3  | Noticed an alligator skeleton
    53 | D:1      | Escaped the Abyss
   435 | D:1      | Reached XP level 2. HP: 20/27 MP: 2/2
   581 | D:1      | Reached * piety under Lugonu
   599 | D:1      | Reached XP level 3. HP: 33/33 MP: 3/3
   623 | D:1      | Reached skill level 1 in Dodging
  1123 | D:2      | Noticed Natasha
  1131 | D:2      | Killed Natasha
  1131 | D:2      | Reached XP level 4. HP: 36/40 MP: 4/4
  1345 | D:2      | Found a blossoming altar of Fedhas.
  1502 | D:2      | Noticed Natasha
  1512 | D:2      | Killed Natasha
  1512 | D:2      | Reached XP level 5. HP: 32/47 MP: 5/5
  1644 | D:2      | Noticed Natasha
  1657 | D:2      | Killed Natasha
  1780 | D:2      | Reached ** piety under Lugonu
  2021 | D:2      | Found a sacrificial altar of Ru.
  2021 | D:2      | Found a deep blue altar of Sif Muna.
  2173 | D:3      | Found an iron altar of Okawaru.
  2399 | D:3      | Reached XP level 6. HP: 40/53 MP: 6/6
  2953 | D:4      | Noticed Painkiller's ghost (amateur GrFi)
  2964 | D:4      | Killed Painkiller's ghost
  2978 | D:4      | Reached XP level 7. HP: 42/60 MP: 7/7
  3173 | D:4      | Reached skill level 5 in Axes
  3178 | D:4      | Reached skill level 5 in Fighting
  3441 | D:5      | Entered Level 5 of the Dungeon
  3514 | D:5      | Found a basalt altar of Yredelemnul.
  3678 | D:5      | Reached *** piety under Lugonu
  3712 | D:5      | Noticed Jovan's ghost (amateur DgGl)
  3734 | D:5      | HP: 3/61 [Jovan's ghost (4)]
  3740 | D:5      | Mangled by Jovan's ghost

Skill      XL: |  1  2  3  4  5  6  7 |
---------------+----------------------+-----
Axes           | 2 3 4 5 |  5.9
Armour         | 2 3 |  3.6
Dodging        | 1 |  1.6
Fighting       | 4 5 |  5.4
Invocations    | |  2.3

Action                   |  1- 3 |  4- 6 |  7- 9 || total
-------------------------+-------+-------+-------++-------
Melee: Hand axe          |   108 |   183 |       ||   291
       War axe           |       |    16 |   106 ||   122
Throw: Tomahawk          |       |     1 |     2 ||     3
Invok: Depart the Abyss  |     1 |       |       ||     1
  Use: Scroll            |     7 |     6 |     1 ||    14
       Potion            |       |     6 |     3 ||     9
  Eat: Chunk             |     8 |    28 |    12 ||    48
       Meat ration       |     1 |       |       ||     1
Armor: Chain mail        |   100 |   152 |    90 ||   342
Dodge: Dodged            |    41 |   105 |    45 ||   191
